 Dungeon Crawl Stone Soup version 0.31.0-12-g77e489cdc1 (webtiles) character file.

Game seed: 10784206645896622420

6167 spaghetti the Fighter (level 10, -3/105 HPs)
             Began as a Naga Hunter on Feb 18, 2024.
             Was a High Priest of Cheibriados.
             Slain by a yak (13 damage)
             ... on level 9 of the Dungeon.
             The game lasted 00:11:24 (9535 turns).

spaghetti the Fighter (Naga Hunter)                 Turns: 9535, Time: 00:11:25

Health: -3/105     AC: 12    Str: 25    XL:     10   Next: 90%
Magic:  10/10      EV: 10    Int: 22    God:    Cheibriados [*****.]
Gold:   610        SH:  0    Dex: 30    Spells: 9/9 levels left

rFire   . . .        G - +0 orcbow
rCold   . . .        (shield currently unavailable)
rNeg    . . .        t - +4 ring mail of Hadjma {Int+2}
rPois   +            A - +2 helmet
rElec   .            (no cloak)
rCorr   .            (no gloves)
SInv    +            (no barding)
Will    +....        m - amulet of faith
Stlth   ++           (no ring)
HPRegen 0.37/turn    (no ring)
MPRegen 0.12/turn

%: faith
@: very slow
A: AC +3, large, see invisible, deformed body, poison resistance, slowness 2,
spit poison 1, naga tail 1
a: Spit Poison, Renounce Religion, Bend Time, Temporal Distortion, Slouch, Step
From Time


You were on level 9 of the Dungeon.
You worshipped Cheibriados.
Cheibriados was extremely pleased with you.
You visited 2 branches of the dungeon, and saw 10 of its levels.

You collected 610 gold pieces.

Inventory:

Hand Weapons
 a - a +1 shortbow of flaming
 G - a +0 orcbow (weapon)
Missiles
 s - 57 stones
Armour
 c - a +1 leather armour
 g - a +2 leather armour of fire resistance
 l - a scarf of shadows
 t - the +4 ring mail of Hadjma (worn) {Int+2}
   (You took it off a kobold on level 4 of the Dungeon)

   Int+2:     It affects your intelligence (+2).
 u - +0 steam dragon scales
 A - a +2 helmet (worn)
Jewellery
 b - a ring of protection from fire
 d - a ring of positive energy
 e - an amulet of reflection
 m - an amulet of faith (around neck)
 n - a ring of ice
Wands
 y - a wand of polymorph (6)
 F - a wand of mindburst (14)
Scrolls
 h - 4 scrolls of immolation
 i - 2 scrolls of identify
 o - a scroll of poison
 w - a scroll of vulnerability
 z - a scroll of amnesia
 E - 2 scrolls of silence
 H - 2 scrolls of teleportation
 I - a scroll of noise
Potions
 f - a potion of might
 j - a potion of ambrosia
 k - a potion of resistance
 p - 2 potions of attraction
 r - a potion of enlightenment
 v - 2 potions of curing
 B - a potion of lignification
 C - a potion of brilliance
 D - a potion of berserk rage


   Skills:
 + Level 11.6 Fighting
 + Level 11.1 Ranged Weapons
 - Level 1.5 Dodging
 - Level 1.5 Stealth


You had 9 spell levels left.
You didn't know any spells.
Your spell library contained the following spells:

 Spells                   Type           Power      Damage    Failure   Level
 Magic Dart               Conj           0%         1d3       26%         1
 Ensorcelled Hibernation  Hex/Ice        0%         N/A       36%         2
 Searing Ray              Conj           0%         2d4       36%         2
 Fugue of the Fallen      Necr           0%         N/A       61%         3
 Tukima's Dance           Hex            0%         N/A       61%         3
 Anguish                  Hex/Necr       0%         N/A       95%         4
 Dimensional Bullseye     Hex/Tloc       0%         N/A       95%         4
 Fulminant Prism          Conj/Alch      0%         3d5       95%         4
 Iskenderun's Mystic Bla  Conj/Tloc      0%         2d3       95%         4


Dungeon Overview and Level Annotations

Branches:
Dungeon (9/15)             Temple (1/1) D:4
   Lair: D:8-11         Orc: D:9-12

Altars:
Ashenzari
Cheibriados
Dithmenos
Elyvilon
Fedhas
Gozag
Hepliaklqana
Kikubaaqudgha
Makhleb
Nemelex Xobeh
Qazlal
Trog
Uskayaw
Vehumet
Wu Jian
Yredelemnul
Zin
The Shining One

Shops:
D:1 *   D:4 =   D:5 (

Annotations:
D:6 1 runed translucent door, Zeo's ghost, novice BaHu
D:7 2 transporters, Greyr's ghost, journeyman OnNe


Innate Abilities, Weirdness & Mutations

Your serpentine skin is tough. (AC +3)
You have supernaturally acute eyesight. (SInv)
Armour fits poorly on your strangely shaped body.
Your system is resistant to poisons. (rPois)
You cover ground very slowly.
You can spit poison.
You have a snake-like lower body.


Message History

The arrow hits the yak but does no damage.
The yak is almost dead.
The yak gores you but does no damage.
You feel much better. The yak closely misses you.
Fire: G) +0 orcbow
Press: ? - help, Q - select action, (/) - cycle Shift-Dir - straight line, f/p - yak
Aim: a yak (almost dead, 79% to hit)
You shoot an arrow. The arrow hits the yak!!
You kill the yak!
Cheibriados appreciates the change of pace.
You can now step out of the flow of time.
Cheibriados raises the support of your attributes as your movement slows.
Unknown command.
Unknown command.
Unknown command.
Unknown command.
Fire: G) +0 orcbow
Press: ? - help, Q - select action, (/) - cycle Shift-Dir - straight line, f - yak
Aim: a yak (79% to hit)
You shoot an arrow. The arrow hits the yak!
The yak is moderately wounded.
The yak gores you!
* * * LOW HITPOINT WARNING * * *
Fire: G) +0 orcbow
Press: ? - help, Q - select action, (/) - cycle Shift-Dir - straight line, f/p - yak
Aim: a yak (moderately wounded, 79% to hit)
You shoot an arrow.
The arrow hits the yak but does no damage.
The yak is moderately wounded.
The yak gores you.
* * * LOW HITPOINT WARNING * * *
The yak gores you!
* * * LOW HITPOINT WARNING * * *
Unknown command.
Okay, then.
You feel better. The yak gores you!
* * * LOW HITPOINT WARNING * * *
You feel better. The yak gores you but does no damage.
You fail to use your ability.
The yak gores you!
You die...

#....####.†.##~
#.............. #.....#.#
#.....#.# #.....#.#.#
#.........# #...YY#.#.#
##.##Y#...# . #.##@########
..##≈≈≈
######.......<#≈≈#...#~~≈~
##.....###.####~~≈~......~~
##..###...#.###~~~≈~...~†.~~
#...#(#.#.#.............~.~≈
#...###.#.###~~≈~~≈~~~~##.~~
#.......#)##~~~~≈~~~~~......
#........)....).....~~.~##.#
#.<....)#)###~~~~~~.~......)


You could see 3 yaks.

Vanquished Creatures
  A centaur warrior (D:9)
  A two-headed ogre (D:9)
  Pikel (D:9)
  A wraith (D:8)
  4 yaks
  3 steam dragons
  An acid dragon (D:8)
  2 orc warriors (D:9)
  An ice beast (D:5)
  A sky beast (D:6)
  An ogre (D:5)
  3 centaurs
  3 phantoms
  A lemure (D:9)
  A bullfrog (D:6)
  3 scorpions
  2 kobold brigands (D:8)
  7 wights
  3 jellies
  7 killer bees
  6 howler monkeys
  4 electric eels (D:9)
  3 hounds
  3 orc priests
  A sleepcap (D:7)
  Terence (D:2)
  7 orc wizards
  4 iguanas
  6 gnolls
  9 adders
  A shadow imp (D:4)
  5 white imps
  3 dart slugs
  29 orcs
  5 bats
  4 endoplasms
  3 giant cockroaches
  12 goblins
  5 hobgoblins
  4 jackals (D:4)
  10 kobolds
  6 quokkas
  8 ball pythons
  6 frilled lizards
  4 rats
196 creatures vanquished.

Vanquished Creatures (others)
  2 sky beasts (D:8)
2 creatures vanquished.

Grand Total: 198 creatures vanquished

Notes
Turn   | Place    | Note
-------+----------+-------------------------------------------
     0 | D:1      | spaghetti the Naga Hunter began the quest for the Orb.
     0 | D:1      | Reached XP level 1. HP: 19/19 MP: 1/1
   141 | D:1      | Reached XP level 2. HP: 27/27 MP: 2/2
   534 | D:1      | Found Oqoew's Assorted Antiques.
   605 | D:1      | Reached XP level 3. HP: 33/33 MP: 3/3
  1130 | D:2      | Reached XP level 4. HP: 42/42 MP: 4/4
  1147 | D:2      | Noticed Terence
  1157 | D:2      | Killed Terence
  1206 | D:2      | Found a faded altar of an unknown god.
  1833 | D:2      | Found an ancient bone altar of Kikubaaqudgha.
  2082 | D:3      | Reached XP level 5. HP: 46/50 MP: 5/5
  2718 | D:4      | Reached skill level 5 in Ranged Weapons
  2899 | D:4      | Found a staircase to the Ecumenical Temple.
  2907 | D:4      | Reached XP level 6. HP: 56/58 MP: 6/6
  2932 | D:4      | Found Yqusau's Jewellery Shoppe.
  2947 | Temple   | Entered the Ecumenical Temple
  2966 | Temple   | Became a worshipper of Cheibriados the Contemplative
  3074 | D:4      | Identified the +4 ring mail of Hadjma {Int+2}
  3662 | D:4      | Noticed a steam dragon
  3674 | D:4      | Killed a steam dragon
  3675 | D:4      | Reached skill level 5 in Fighting
  3675 | D:4      | Reached XP level 7. HP: 19/67 MP: 7/7
  4030 | D:5      | Entered Level 5 of the Dungeon
  4056 | D:5      | Reached * piety under Cheibriados
  4460 | D:5      | Reached XP level 8. HP: 71/78 MP: 8/8
  4614 | D:5      | Found Teroawev's Weapon Shop.
  4982 | D:5      | Reached ** piety under Cheibriados
  5832 | D:6      | Found a runed translucent door.
  5834 | D:6      | Noticed Zeo's ghost (novice BaHu)
  6114 | D:7      | Found a transporter.
  6119 | D:7      | Noticed a kobold demonologist
  6120 | D:7      | Noticed a wyvern
  6125 | D:7      | Reached XP level 9. HP: 88/88 MP: 9/9
  6128 | D:7      | Noticed Greyr's ghost (journeyman OnNe)
  6283 | D:7      | Reached *** piety under Cheibriados
  6356 | D:7      | Found a transporter.
  7299 | D:8      | Reached **** piety under Cheibriados
  8058 | D:8      | Found an opulent altar of Gozag.
  8157 | D:9      | Noticed a two-headed ogre
  8170 | D:9      | Killed a two-headed ogre
  8171 | D:9      | Reached skill level 10 in Fighting
  8171 | D:9      | Reached skill level 10 in Ranged Weapons
  8171 | D:9      | Reached XP level 10. HP: 6/103 MP: 10/10
  8976 | D:9      | Noticed Pikel
  8991 | D:9      | Killed Pikel
  9119 | D:9      | Noticed a centaur warrior
  9139 | D:9      | Killed a centaur warrior
  9530 | D:9      | Reached ***** piety under Cheibriados
  9532 | D:9      | HP: 4/105 [yak (12)]
  9535 | D:9      | Slain by a yak

Illustrated notes

Levels and vault maps discovered:
D:1:      minmay_arrival_hallway, layout_loops_ring, serial_shops,
          nicolae_shop_gibbet_a_chance, minmay_pentomino_u2
D:2:      layout_loops_ring, chequers_ecumenical_altar_grove, basic_altar,
          chequers_mini_garden, uniq_terence
D:3:      layout_basic, serial_bayou, serial_bayou_pond_d,
          serial_bayou_lagoon_a, serial_bayou_pond_c, serial_bayou_lagoon_b
D:4:      layout_loops_corners, minmay_temple_entry_sparse_star, serial_shops,
          shop, chequers_serial_rivers_large_b, grunt_ministairs_8
D:5:      layout_gridville, serial_shops, shop, grunt_decor_fettered
D:6:      layout_basic, ebering_ghost_sewer_d, chequers_serial_rivers_marsh
D:7:      layout_basic, nzn_ghost_randoct, hangedman_decor_peaks_small,
          corner_web_ring
D:8:      cheibrodos_barr_body, layout_loops_ring, grunt_gozag_breadcrumbs
D:9:      layout_basic, serial_glass, glass_columns_c, glass_columns_a,
          item_on_display_a, due_unseen_surprise, item_on_display_a, uniq_pikel
Temple:   sentei_temple_godly_chess

Skill      XL: |  1  2  3  4  5  6  7  8  9 10 |
---------------+-------------------------------+-----
Ranged Weapons | 4 5 6 8 10 11 | 11.1
Fighting       | 3 4 5 6 8 10 11 | 11.6
Dodging        | |  1.5
Stealth        | |  1.5

Action                     |  1- 3 |  4- 6 |  7- 9 | 10-12 || total
---------------------------+-------+-------+-------+-------++-------
   Fire: Shortbow          |    91 |   155 |   355 |    37 ||   638
         Orcbow            |       |       |       |   106 ||   106
 Invoke: Slouch            |       |       |       |     1 ||     1
Ability: Spit Poison       |     1 |     4 |     3 |       ||     8
  Evoke: Wand              |       |       |       |     9 ||     9
    Use: Potion            |     4 |     1 |     2 |     5 ||    12
         Scroll            |     3 |     7 |    12 |       ||    22
 Armour: Leather armour    |    25 |    38 |       |       ||    63
         Ring mail         |       |    28 |   201 |   144 ||   373
  Dodge: Dodged            |    16 |    32 |   112 |    41 ||   201
  Block: Other             |       |     4 |       |       ||     4
